 Dungeon Crawl Stone Soup version 0.29-a0-414-g5075937ec3 (webtiles) character file.

Game seed: 173309246822598750

305 ytrimaz the Covered (level 6, 0/48 HPs)
             Began as a Demonspawn Fighter on May 15, 2022.
             Was a Believer of Jiyva.
             Succumbed to their own poison gas
             ... on level 3 of the Dungeon.
             The game lasted 00:03:09 (1834 turns).

ytrimaz the Covered (Demonspawn Fighter)            Turns: 1834, Time: 00:03:09

Health: 0/48       AC:  8    Str: 19    XL:     6   Next: 16%
Magic:  6/6        EV:  9    Int:  9    God:    Jiyva [**....]
Gold:   119        SH:  4    Dex: 12    Spells: 5/5 levels left

rFire   . . .      SeeInvis .   a - +0 rapier
rCold   . . .      Faith    .   c - +0 buckler
rNeg    . . .      Spirit   .   b - +1 scale mail
rPois   .          Reflect  .   (no helmet)
rElec   .          Harm     .   (no cloak)
rCorr   +          Rampage  .   (no gloves)
Will    .....                   (no boots)
Stlth   ..........              (no amulet)
HPRegen 1.12/turn               (no ring)
MPRegen 0.40/turn               (no ring)

@: lethally poisoned (0 -> -13)
A: ignite blood 1, powered by death 1, weakness stinger 1
a: Renounce Religion


You were on level 3 of the Dungeon.
You worshipped Jiyva.
Jiyva was pleased with you.
You visited 1 branch of the dungeon, and saw 3 of its levels.

You collected 119 gold pieces.

Inventory:

Hand Weapons
 a - a +0 rapier (weapon)
Armour
 b - a +1 scale mail (worn)
 c - a +0 buckler (worn)
Scrolls
 e - a scroll of magic mapping
 j - a scroll of vulnerability
 l - 2 scrolls of teleportation
Potions
 d - a potion of might


   Skills:
 + Level 3.7 Fighting
 + Level 3.8 Short Blades
 + Level 4.0 Armour
 + Level 1.2 Dodging
 + Level 3.4 Shields


You had 5 spell levels left.
You didn't know any spells.
Your spell library contained the following spells:

 Spells                   Type           Power      Damage    Failure   Level
 Confusing Touch          Hex            0%         N/A       99%         3
 Yara's Violent Unravell  Hex/Tmut       0%         3d3       100%        5
 Enfeeble                 Hex            0%         N/A       100%        7


Dungeon Overview and Level Annotations

Branches:
Dungeon (3/15)

Altars:
Jiyva


Innate Abilities, Weirdness & Mutations

Your demonic aura sometimes causes spilled blood to erupt in flames.
You regenerate a little health from kills.
You have a small tail.


Message History

The goblin shouts!
You hear a shout!
A goblin is nearby!
A goblin is nearby!
An ogre comes into view. It is wielding a +0 giant club.
The goblin closely misses you.
You barely miss the goblin.
Your tail-slap misses the goblin.
The goblin hits you but does no damage.
You closely miss the goblin. The goblin barely misses you.
You hit the goblin but do no damage. The goblin hits you with a +0 club.
You completely miss the goblin. The goblin hits you but does no damage.
Really read the scroll of poison?
Okay, then.
The goblin attacks as you move away! You block the goblin's attack.
The goblin attacks as you move away! The goblin closely misses you.
The goblin attacks as you move away! The goblin barely misses you.
Unknown command.
The goblin attacks as you move away! The goblin barely misses you.
The goblin attacks as you move away! The goblin hits you but does no damage.
Really read the scroll of poison?
The air fills with toxic fumes!
As you read the scroll of poison, it crumbles to dust.
The goblin hits you but does no damage.
Unknown command.
Really walk into that cloud of poison gas?
You are engulfed in poison gas.
You are poisoned.
You feel very sick.
The ogre is engulfed in poison gas.
The ogre is poisoned.
You are engulfed in poison gas.
You are more poisoned.
You feel extremely sick.
The ogre is engulfed in poison gas.
The ogre looks even sicker.
You are engulfed in poison gas.
You are lethally poisoned!
You feel extremely sick.
* * * LOW HITPOINT WARNING * * *
You feel extremely sick.
Okay, then.
Okay, then.
* * * LOW HITPOINT WARNING * * *
You feel very sick.
You die...

#.##.##...............#
#.##.##.#.......###...#
#.##..........#......###
###.#####.#.#...#.#.O.O...
#.........#.#####.#.######
###.#######>......#.# #.#
####.gO...#
#.##########g######
#......@..§☼§#
##############


You could see a goblin.

Vanquished Creatures
  Grinder (D:3)
  6 adders
  2 worms
  A dart slug (D:2)
  4 bats
  4 endoplasms (D:1)
  3 giant cockroaches
  A goblin (D:1)
  5 hobgoblins
  3 jackals (D:1)
  7 kobolds
  3 quokkas
  3 ball pythons
  3 frilled lizards (D:1)
  3 rats (D:2)
49 creatures vanquished.

Vanquished Creatures (others)
  3 jellies (D:3)
  A shadow imp (D:3)
  A dart slug (D:2)
  A bat (D:2)
  A giant cockroach (D:2)
  2 hobgoblins
  A frilled lizard (D:2)
  A rat (D:2)
11 creatures vanquished.

Grand Total: 60 creatures vanquished

Notes
Turn   | Place    | Note
-------+----------+-------------------------------------------
     0 | D:1      | ytrimaz the Demonspawn Fighter began the quest for the Orb.
     0 | D:1      | Reached XP level 1. HP: 18/18 MP: 1/1
   184 | D:1      | Gained mutation: Your demonic aura sometimes causes spilled
                  | blood to erupt in flames. [demonic ancestry]
   184 | D:1      | Reached XP level 2. HP: 20/24 MP: 2/2
   459 | D:1      | Reached skill level 3 in Armour
   625 | D:1      | Found a faded altar of an unknown god.
   694 | D:1      | Prayed at the altar of an unknown god.
   694 | D:1      | Became a worshipper of Jiyva Jadghoig the Shapeless
   694 | D:1      | Reached * piety under Jiyva
   936 | D:2      | Reached XP level 3. HP: 29/29 MP: 3/3
  1046 | D:2      | Identified the +10 short sword of Arrival {flame, rPois rN+
                  | rCorr}
  1162 | D:2      | Gained mutation: You regenerate a little health from kills.
                  | [demonic ancestry]
  1162 | D:2      | Reached XP level 4. HP: 35/35 MP: 4/4
  1238 | D:2      | Reached ** piety under Jiyva
  1693 | D:3      | Noticed Grinder
  1709 | D:3      | Killed Grinder
  1710 | D:3      | Reached skill level 4 in Armour
  1710 | D:3      | Reached skill level 1 in Dodging
  1710 | D:3      | Gained mutation: You have a small tail. [demonic ancestry]
  1710 | D:3      | Reached XP level 5. HP: 7/42 MP: 5/5
  1710 | D:3      | Reached XP level 6. HP: 8/48 MP: 6/6
  1834 | D:3      | Succumbed to their own poison gas

Illustrated notes

Levels and vault maps discovered:
D:1:      dpeg_arrival_shelter, layout_rooms,
          shapermc_ecumenical_altar_starsandcircs, minmay_tromino_v7
D:2:      layout_rooms, minmay_door_square, minmay_diced_spiral
D:3:      layout_loops_ring, kennysheep_generic_room_8, uniq_grinder,
          uniq_crazy_yiuf_cottage

Skill      XL: |  1  2  3  4 |
---------------+-------------+-----
Armour         | 3 4 |  4.0
Short Blades   | 2 3 |  3.8
Shields        | 3 |  3.4
Dodging        | 1 |  1.2
Fighting       | |  3.7

Action                   |  1- 3 |  4- 6 || total
-------------------------+-------+-------++-------
Melee: Rapier            |   129 |    76 ||   205
  Use: Scroll            |     7 |     1 ||     8
       Potion            |       |     2 ||     2
Armor: Scale mail        |    74 |    47 ||   121
Dodge: Dodged            |    74 |    51 ||   125
Block: Buckler           |    32 |    23 ||    55

Table legend: (Time is in decaauts)
 A = Elapsed time spent in this place.
 B = Non-inter-level travel time spent in this place.
 C = Inter-level travel time spent in this place.
 D = Time resting spent in this place.
 E = Time spent auto-exploring this place.
 F = Levels seen in this place.
 G = Mean time per level.
                   A        B        C        D        E       F      G
               +--------+--------+--------+--------+--------+-----+--------+
         Total |   1842 |   1811 |     31 |      2 |   1292 |   3 |  614.0 |
       Dungeon |   1842 |   1811 |     31 |      2 |   1292 |   3 |  614.0 |
               +--------+--------+--------+--------+--------+-----+--------+

Top non-repeatable levels by time:
     D:1: 913 daAuts
     D:2: 510 daAuts
     D:3: 418 daAuts
